 Dungeon Crawl Stone Soup version 0.21-a0-344-g2144152 (webtiles) character file.

28 tidbits the Grave Robber (level 3, 14/14 HPs)
             Began as a Felid Necromancer on Oct 4, 2017.
             Was a Follower of Ashenzari.
             Quit the game on level 2 of the Dungeon.
             The game lasted 00:05:33 (1083 turns).

tidbits the Grave Robber (Felid Necromancer)        Turns: 1083, Time: 00:05:33

Health: 14/14      AC:  1    Str:  4    XL:     3   Next: 0%
Magic:  8/8        EV: 18    Int: 17    God:    Ashenzari [*.....]
Gold:   79         SH:  0    Dex: 16    Spells: 2/7 levels left
                                        Lives:  0   Deaths: 1

rFire    . . .     SeeInvis +   a - book of Necromancy
rCold    . . .     Gourm    .   (shield unavailable)
rNeg     . . .     Faith    .   (armour unavailable)
rPois    .         Spirit   .   (helmet unavailable)
rElec    .         Reflect  .   (cloak unavailable)
rCorr    .         Harm     +   (gloves unavailable)
MR       .....                  (boots unavailable)
Stlth    +++.......             e - amulet of harm
HPRegen  0.04/turn              (no ring)
MPRegen  0.11/turn              (no ring)

@: quick
A: no armour, no weapons or thrown items, stealth, claws 1, fangs 3, see
invisible, carnivore 3, speed 1, shaggy fur 1, slow metabolism 1, sharp paws
a: Curse Item, Scrying, Renounce Religion


You were on level 2 of the Dungeon.
You worshipped Ashenzari.
Ashenzari was aware of your devotion.
You were not hungry.

You visited 1 branch of the dungeon, and saw 3 of its levels.

You collected 79 gold pieces.

Inventory:

Missiles
 c - 38 arrows
Jewellery
 e - an amulet of harm (around neck)
   (You found it on level 1 of the Dungeon)
Scrolls
 d - a scroll of magic mapping {unknown}
 f - a scroll of fear {unknown}
 g - a scroll of remove curse
 h - a scroll of identify {unknown}
Books
 a - a book of Necromancy (in mouth)

   Spells                             Type                      Level
   a - Pain                           Necromancy                   1
   b - Animate Skeleton               Necromancy                   1
   c - Vampiric Draining              Necromancy                   3
   d - Regeneration                   Charms/Necromancy            3
   e - Animate Dead                   Necromancy                   4
   f - Control Undead                 Necromancy                   4
Comestibles
 b - 2 meat rations


   Skills:
 - Level 3.1 Dodging
 - Level 3.1 Stealth
 + Level 2.7 Spellcasting
 * Level 4.9 Necromancy


You had 2 spell levels left.
You knew the following spells:

 Your Spells              Type           Power        Failure   Level  Hunger
a - Pain                  Necr           ###.         2%          1    #......
n - Animate Skeleton      Necr           N/A          2%          1    #......
v - Vampiric Draining     Necr           ###.......   7%          3    ###....


Dungeon Overview and Level Annotations

Branches:
Dungeon (3/15)

Altars:
Ashenzari


Innate Abilities, Weirdness & Mutations

You cannot wear armour.
You are incapable of wielding weapons or throwing items.
Your paws allow you to move quietly. (Stealth)
You have sharp claws.
You have razor-sharp teeth.
You have supernaturally acute eyesight. (SInv)
You are carnivorous and can eat meat at any time.
You cover ground quickly.
You are covered in fur. (AC +1)
You have a slow metabolism.
Your sharp claws are effective at attacking unaware monsters.


Message History

Unknown command.
Found a sedimented green potion and an uncursed ring of positive energy.
An adder and a worm come into view.
Casting: Pain
Confirm with . or Enter, or press ? or * to list all spells.
Aiming: Pain
Press: ? - help, Shift-Dir - straight line, f - worm
Aim: a worm (chance to defeat MR: 84%)
The worm writhes in agony!
Casting: Pain
Confirm with . or Enter, or press ? or * to list all spells.
Aiming: Pain
Press: ? - help, Shift-Dir - straight line, f/p - worm
Aim: a worm (heavily wounded, chance to defeat MR: 84%)
The worm writhes in agony!
Casting: Pain
Confirm with . or Enter, or press ? or * to list all spells.
Aiming: Pain
Press: ? - help, Shift-Dir - straight line, f/p - worm
Aim: a worm (heavily wounded, chance to defeat MR: 84%)
The worm writhes in agony!
Casting: Pain
Confirm with . or Enter, or press ? or * to list all spells.
Aiming: Pain
Press: ? - help, Shift-Dir - straight line, f/p - worm
Aim: a worm (almost dead, chance to defeat MR: 84%)
The worm writhes in agony!
You kill the worm!
You swing at nothing.
You swing at nothing.
You swing at nothing.
You swing at nothing.
You swing at nothing.
You swing at nothing.
You swing at nothing.
You swing at nothing.
You swing at nothing.
You swing at nothing.
You swing at nothing.
You swing at nothing.
You swing at nothing.
You swing at nothing.
You swing at nothing.
You swing at nothing.
You swing at nothing.
You swing at nothing.
You swing at nothing.
You swing at nothing.
You swing at nothing.
You swing at nothing.
You swing at nothing.
You swing at nothing.
You swing at nothing.
You swing at nothing.
You swing at nothing.
You swing at nothing.
You swing at nothing.
You swing at nothing.
You see here a worm corpse.
The adder hisses angrily.
Casting: Pain
Confirm with . or Enter, or press ? or * to list all spells.
Aiming: Pain
Press: ? - help, Shift-Dir - straight line, f - adder
Aim: an adder (chance to defeat MR: 84%)
The adder writhes in agony!
A quokka comes into view.
Casting: Pain
Confirm with . or Enter, or press ? or * to list all spells.
Aiming: Pain
Press: ? - help, Shift-Dir - straight line, f/p - adder
Aim: an adder (severely wounded, chance to defeat MR: 84%)
The adder writhes in agony!
You kill the adder!
You have reached level 4!
Extra life!
You see here a worm corpse.
Casting: Pain
Confirm with . or Enter, or press ? or * to list all spells.
Aiming: Pain
Press: ? - help, Shift-Dir - straight line, f - quokka
Aim: a quokka (chance to defeat MR: 89%)
The quokka writhes in agony!
Casting: Pain
Confirm with . or Enter, or press ? or * to list all spells.
Aiming: Pain
Press: ? - help, Shift-Dir - straight line, f/p - quokka
Aim: a quokka (lightly wounded, chance to defeat MR: 89%)
The quokka barely resists.
Casting: Pain
Confirm with . or Enter, or press ? or * to list all spells.
Aiming: Pain
Press: ? - help, Shift-Dir - straight line, f/p - quokka
Aim: a quokka (lightly wounded, chance to defeat MR: 89%)
The quokka writhes in agony!
The quokka bites you.
You die...
The quokka closely misses you.
You are now level 3!
You rejoin the land of the living...
Are you sure you want to abandon this character and quit the game? (Confirm with "yes".)

.. ...# ##...... ###
......# # #..
#.##..###.# ###.#
#.......#.#
#...###.........#
#........<......#
.####....##.......###
...............@..#
####..>###.......#
#...# #.......# #...#
#.......# #...#
######### #...# #...#
#####


There were no monsters in sight!

Vanquished Creatures
  A gnoll (D:1)
  3 adders
  An ooze (D:1)
  A worm (D:2)
  3 giant cockroaches
  4 goblins
  3 hobgoblins (D:1)
  2 bats (D:1)
  2 frilled lizards (D:1)
  4 kobolds
  5 rats
29 creatures vanquished.

Notes
Turn   | Place    | Note
-------+----------+-------------------------------------------
     0 | D:1      | tidbits the Felid Necromancer began the quest for the Orb.
     0 | D:1      | Reached XP level 1. HP: 7/7 MP: 4/4
   183 | D:1      | Reached skill level 3 in Dodging
   183 | D:1      | Reached skill level 3 in Stealth
   183 | D:1      | Reached XP level 2. HP: 1/11 MP: 0/6
   599 | D:1      | Reached XP level 3. HP: 4/14 MP: 5/7
   695 | D:3      | Learned a level 1 spell: Animate Skeleton
   699 | D:3      | Learned a level 3 spell: Vampiric Draining
   750 | D:2      | Found a faded altar of an unknown god.
   760 | D:2      | Became a worshipper of Ashenzari the Shackled
   760 | D:2      | Reached * piety under Ashenzari
  1068 | D:2      | Reached XP level 4. HP: 7/18 MP: 6/9
  1082 | D:2      | Slain by a quokka
  1083 | D:2      | Reached XP level 3. HP: 0/14 MP: 4/8
  1083 | D:2      | Quit the game

Vault maps used:
D:1:      minmay_arrival_stair_chambers
D:2:      marbit_many_paths, chequers_ecumenical_altar_simple_redux,
          nrook_mini_vaults, minmay_split_cup_large, uniq_natasha, uniq_terence
D:3:      grunt_temple_overflow_open, trog_eyes_of_draining

Skill      XL: |  1 |
---------------+----+-----
Dodging        | 3 |  3.1
Stealth        | 3 |  3.1
Spellcasting   | |  2.7
Necromancy     | |  4.9

Action                   |  1- 3 |  4- 6 || total
-------------------------+-------+-------++-------
 Cast: Pain              |    57 |     4 ||    61
  Eat: Chunk             |     7 |       ||     7
Dodge: Dodged            |     5 |     1 ||     6

Table legend:
 A = Spawn XP
 B = Non-spawn XP
 C = Spawn XP percentage of total XP
 D = Spawn monster count
 E = Non-spawn monster count
 F = Spawn count percentage of total count
 G = Total turns spent on level
                    A         B        C        D         E        F      G
               +---------+---------+-------+---------+---------+-------+---------
         Total |       0 |      98 |   0.0 |       0 |      29 |   0.0 |  1083
               +---------+---------+-------+---------+---------+-------+---------
           D:1 |       0 |      42 |   0.0 |       0 |      16 |   0.0 |   641
           D:2 |       0 |      42 |   0.0 |       0 |      11 |   0.0 |   351
           D:3 |       0 |      14 |   0.0 |       0 |       2 |   0.0 |    91
               +---------+---------+-------+---------+---------+-------+---------

Table legend:
 A = Turns spent in this place as a percentage of turns spent in the entire game.
 B = Non-inter-level travel turns spent in this place as a percentage of non-inter-level travel turns spent in the entire game.
 C = Inter-level travel turns spent in this place as a percentage of turns spent in this place.
 D = Turns resting spent in this place as a percentage of non-inter-level travel turns spent in this place.
 E = Turns spent auto-exploring this place as a percentage of non-inter-level travel turns spent in this place.
 F = Non-inter-level travel turns spent in this place divided by the number of levels of this place that you've seen.
                   A       B       C       D       E      F
               +-------+-------+-------+-------+-------+----------------------
         Total | 100.0 | 100.0 |   1.8 |   0.0 |   0.0 | 354.7
       Dungeon | 100.0 | 100.0 |   1.8 |   0.0 |   0.0 | 354.7
               +-------+-------+-------+-------+-------+----------------------

Table legend:
 A = Kills in this place as a percentage of kills in entire the game.
 B = Kills by you in this place as a percentage of kills by you in the entire game.
 C = Kills by friends in this place as a percentage of kills by friends in the entire game.
 D = Other kills in this place as a percentage of other kills in the entire game.
 E = Experience gained in this place as a percentage of experience gained in the entire game.
 F = Experience gained in this place divided by the number of levels of this place that you have seen.
                   A       B       C       D       E      F
               +-------+-------+-------+-------+-------+----------------------
         Total | 100.0 | 100.0 |   N/A |   N/A | 100.0 |  32.7
       Dungeon | 100.0 | 100.0 |   N/A |   N/A | 100.0 |  32.7
               +-------+-------+-------+-------+-------+----------------------

Vault maps used:
D:1:      minmay_arrival_stair_chambers
D:2:      marbit_many_paths, chequers_ecumenical_altar_simple_redux,
          nrook_mini_vaults, minmay_split_cup_large, uniq_natasha, uniq_terence
D:3:      grunt_temple_overflow_open, trog_eyes_of_draining
